 Dungeon Crawl Stone Soup version 0.29.1-12-g30fa7ad0bf (webtiles) character file.

Game seed: 10000373481072152029

1762 cowcol the Chopper (level 8, -4/71 HPs)
             Began as a Minotaur Monk on Dec 31, 2022.
             Slain by a two-headed ogre
             ... wielding a +0 giant club
              (24 damage)
             ... on level 6 of the Dungeon.
             The game lasted 00:14:53 (7151 turns).

cowcol the Chopper (Minotaur Monk)                  Turns: 7151, Time: 00:14:54

Health: -4/71      AC: 13    Str: 19    XL:     8   Next: 79%
Magic:  7/7        EV: 10    Int:  7    God:
Gold:   296        SH:  9    Dex: 12    Spells: 7/7 levels left

rFire   . . .      SeeInvis .   u - +0 long sword
rCold   + + .      Faith    .   w - +0 kite shield
rNeg    . . .      Spirit   .   e - +4 ring mail of Moral Flaws {rC++}
rPois   .          Reflect  .   (helmet restricted)
rElec   .          Harm     .   d - +0 cloak
rCorr   .          Rampage  .   (no gloves)
Will    .....                   (no boots)
Stlth   +.........              (no amulet)
HPRegen 0.21/turn               (no ring)
MPRegen 0.10/turn               (no ring)

@: hasted, very quick
A: horns 2, retaliatory headbutt, iridescent scales 1, mutation resistance 1
a: no special abilities


You were on level 6 of the Dungeon.
You visited 1 branch of the dungeon, and saw 6 of its levels.

You collected 296 gold pieces.

Inventory:

Hand Weapons
 a - a +0 hand axe
 h - a +0 dagger
 o - a +0 club
 q - a +0 scythe
 s - a +0 hammer
 t - a +0 whip of flaming
 u - a +0 long sword (weapon)
 A - a +0 falchion
Missiles
 i - 20 stones (quivered)
Armour
 b - a +0 robe
 d - a +0 cloak (worn)
 e - the +4 ring mail of Moral Flaws (worn) {rC++}
   (You found it on level 5 of the Dungeon)

   rC:        It greatly protects you from cold.
 g - a +0 scale mail
 m - a +0 tower shield
 w - a +0 kite shield (worn)
Jewellery
 v - a ring of magical power
 y - an amulet of reflection
Wands
 D - a wand of quicksilver (4)
Scrolls
 l - 2 scrolls of teleportation
 p - a scroll of poison
 z - a scroll of vulnerability {unknown}
 C - a scroll of blinking {unknown}
 F - a scroll of brand weapon {unknown}
Potions
 c - a potion of ambrosia
 j - a potion of flight {unknown}
 k - 4 potions of lignification
 n - a potion of degeneration {unknown}
 r - a potion of cancellation {unknown}
 x - 2 potions of curing
 B - a potion of resistance {unknown}
 E - a potion of berserk rage {unknown}


   Skills:
 + Level 6.5 Fighting
 * Level 4.5 Long Blades
 * Level 7.2 Axes
 + Level 1.0 Throwing
 + Level 6.4 Armour
 + Level 4.8 Dodging
 + Level 1.8 Stealth
 + Level 4.5 Shields
 - Level 1.1 Evocations


You had 7 spell levels left.
You didn't know any spells.
Your spell library contained the following spells:

 Spells                   Type           Power      Damage    Failure   Level
 Beastly Appendage        Tmut           0%         N/A       91%         1
 Wereblood                Tmut           0%         N/A       97%         2
 Spider Form              Tmut/Pois      0%         N/A       100%        3


Dungeon Overview and Level Annotations

Branches:
Dungeon (6/15)
 Temple: D:4-7

Altars:
Dithmenos
Wu Jian
Xom
Yredelemnul


Innate Abilities, Weirdness & Mutations

You have a pair of horns on your head.
You reflexively headbutt those who attack you in melee.
You are partially covered in iridescent scales. (AC +2)
You are somewhat resistant to further mutation.


Message History

HP restored.
Items here: )) [[.
There is a stone staircase leading up, spattered with blood here.
Items here: )) [[.
F - a scroll labelled JEQAUHAUPT
Okay, then.
A two-headed ogre comes into view.
It is wielding a +0 giant club and a +0 giant spiked club.
The two-headed ogre moves out of view.
A two-headed ogre is nearby!
Throw: 21 stones
Press: ? - help, Q - select action, (/) - cycle Shift-Dir - straight line, f - two-headed ogre
Aim: a two-headed ogre, wielding a +0 giant club and a +0 giant spiked club (75% to hit)
You throw a stone. The stone hits the two-headed ogre.
The two-headed ogre is lightly wounded.
You feel yourself speed up.
You barely miss the two-headed ogre. You headbutt the two-headed ogre.
The two-headed ogre is lightly wounded.
The two-headed ogre completely misses you.
You furiously retaliate!
You headbutt the two-headed ogre!
The two-headed ogre hits you with a +0 giant spiked club!
You closely miss the two-headed ogre. You headbutt the two-headed ogre.
The two-headed ogre is moderately wounded.
The two-headed ogre hits you with a +0 giant club!!
You block the two-headed ogre's attack.
You slash the two-headed ogre! You headbutt the two-headed ogre.
The two-headed ogre is severely wounded.
You hit the two-headed ogre.
The two-headed ogre is severely wounded.
You block the two-headed ogre's attack. x2
You hit the two-headed ogre but do no damage.
The two-headed ogre is severely wounded.
You slash the two-headed ogre!
The two-headed ogre is almost dead.
The two-headed ogre hits you with a +0 giant club.
* * * LOW HITPOINT WARNING * * *
The two-headed ogre closely misses you.
You hit the two-headed ogre.
The two-headed ogre is almost dead.
The two-headed ogre hits you with a +0 giant club!!
You die...

##.## #
######.## .#
#....>..# .#
#.###...###.#
##......##
#........#
#.##.#....#
#.##.##.#.....(
.......@#......
######.O.......
#.#######. ..
... #..? #...
#...


You could see a two-headed ogre.

Vanquished Creatures
  The ghost of SirLogeyBear the Chopper, a novice HOBe of Trog (D:5)
  Sigmund (D:2)
  A wyvern (D:4)
  A water moccasin (D:5)
  Duvessa (D:6)
  An ogre (D:5)
  A scorpion (D:4)
  4 water moccasin zombies (D:5)
  Dowan (D:6)
  A centaur zombie (D:5)
  A bullfrog zombie (D:5)
  A jelly (D:4)
  A hound (D:5)
  3 orc priests
  Crazy Yiuf (D:2)
  An iguana (D:5)
  Natasha (thrice) (D:2)
  4 gnolls
  6 adders
  A worm (D:2)
  2 dart slugs (D:4)
  9 orcs
  7 endoplasms
  2 giant cockroaches (D:4)
  7 goblins
  5 hobgoblins
  2 quokkas
  6 ball pythons
  4 bats
  5 frilled lizards
  6 kobolds
  5 rats
95 creatures vanquished.

Vanquished Creatures (others)
  3 fungi (D:2)
  10 plants
13 creatures vanquished.

Grand Total: 108 creatures vanquished

Notes
Turn   | Place    | Note
-------+----------+-------------------------------------------
     0 | D:1      | cowcol the Minotaur Monk began the quest for the Orb.
     0 | D:1      | Reached XP level 1. HP: 19/19 MP: 0/0
   726 | D:1      | Reached XP level 2. HP: 27/27 MP: 1/1
   871 | D:1      | Reached skill level 4 in Axes
   929 | D:1      | You fall into a shaft and drop 1 floor!
   972 | D:2      | Reached XP level 3. HP: 33/33 MP: 2/2
  1624 | D:2      | Reached skill level 1 in Armour
  2042 | D:2      | Noticed Natasha
  2052 | D:2      | Killed Natasha
  2053 | D:2      | Reached XP level 4. HP: 26/41 MP: 3/3
  2144 | D:2      | Noticed Natasha
  2150 | D:2      | Noticed Sigmund
  2152 | D:2      | Killed Natasha
  2164 | D:2      | Killed Sigmund
  2165 | D:2      | Reached skill level 5 in Fighting
  2165 | D:2      | Reached skill level 5 in Axes
  2165 | D:2      | Reached skill level 1 in Shields
  2165 | D:2      | Reached XP level 5. HP: 14/48 MP: 4/4
  2165 | D:2      | Reached XP level 6. HP: 16/56 MP: 5/5
  2398 | D:2      | Found a faded altar of an unknown god.
  2715 | D:2      | Found a runed translucent door.
  2716 | D:2      | Noticed Crazy Yiuf
  2865 | D:2      | Killed Crazy Yiuf
  3248 | D:2      | Noticed Natasha
  3253 | D:2      | Killed Natasha
  3523 | D:3      | Found a shadowy altar of Dithmenos.
  3787 | D:3      | Found an ornate altar of the Wu Jian Council.
  4532 | D:4      | Found a shimmering altar of Xom.
  4782 | D:4      | Noticed a wyvern
  4793 | D:4      | Killed a wyvern
  4794 | D:4      | Reached skill level 1 in Long Blades
  4794 | D:4      | Reached XP level 7. HP: 30/62 MP: 6/6
  5007 | D:4      | Reached skill level 6 in Axes
  5442 | D:5      | Entered Level 5 of the Dungeon
  5445 | D:4      | Gained mutation: You are somewhat resistant to further
                  | mutation. [potion of mutation]
  5445 | D:4      | Gained mutation: You are partially covered in iridescent
                  | scales. (AC +2) [potion of mutation]
  5459 | D:5      | Found a runed translucent door.
  5698 | D:5      | Noticed SirLogeyBear's ghost (novice HOBe)
  5705 | D:5      | Reached skill level 1 in Throwing
  5735 | D:5      | Killed SirLogeyBear's ghost
  5736 | D:5      | Reached skill level 5 in Armour
  5736 | D:5      | Reached XP level 8. HP: 22/70 MP: 7/7
  6023 | D:5      | Found a basalt altar of Yredelemnul.
  6549 | D:5      | Reached skill level 1 in Evocations
  6720 | D:5      | Identified the +4 ring mail of Moral Flaws {rC++}
  6896 | D:5      | Reached skill level 7 in Axes
  6948 | D:6      | Noticed Duvessa
  6948 | D:6      | Noticed Dowan
  6951 | D:6      | Killed Dowan
  6966 | D:6      | Killed Duvessa
  7141 | D:6      | Noticed a two-headed ogre
  7151 | D:6      | Slain by a two-headed ogre

Illustrated notes

Levels and vault maps discovered:
D:1:      elethiomel_arrival_infinity_welcomes_careful_drivers,
          layout_loops_ring
D:2:      layout_basic, dreamdust_ecumenical_altar_grove, uniq_natasha,
          uniq_crazy_yiuf_cottage, uniq_sigmund
D:3:      layout_loops_ring, mainiacjoe_overflow_surrounded_room,
          nicolae_dithmenos_shadow_blocks
D:4:      layout_rooms, mainiacjoe_overflow_brackets, serial_bayou,
          serial_bayou_pond_e, serial_bayou_pond_c, serial_bayou_lagoon_a,
          serial_bayou_crossing
D:5:      layout_rooms, nicolae_yredelemnul_corpse_copse, ebering_ghost_sewer_d,
          hangedman_decor_peaks_small
D:6:      layout_loops_cross, minmay_alternating_orb, uniq_duvessa

Skill      XL: |  1  2  3  4  5  6  7  8 |
---------------+-------------------------+-----
Fighting       | 4 5 6 |  6.5
Axes           | 4 5 6 7 |  7.2
Armour         | 1 3 5 6 |  6.4
Dodging        | 4 |  4.8
Shields        | 1 2 4 |  4.5
Long Blades    | 1 3 4 |  4.5
Throwing       | 1 |  1.0
Evocations     | 1 |  1.1
Stealth        | |  1.8

Action                   |  1- 3 |  4- 6 |  7- 9 || total
-------------------------+-------+-------+-------++-------
Melee: Hand axe          |    85 |   107 |   122 ||   314
       Headbutt          |    10 |    11 |    36 ||    57
       Punch             |     1 |       |       ||     1
       Long sword        |       |       |    29 ||    29
Throw: Stone             |     4 |     8 |     7 ||    19
Evoke: Wand              |       |       |     6 ||     6
  Use: Potion            |       |     3 |     5 ||     8
       Scroll            |       |     3 |     2 ||     5
Armor: Scale mail        |    33 |    45 |    71 ||   149
       Robe              |     2 |       |       ||     2
       Ring mail         |       |       |     7 ||     7
Dodge: Dodged            |    28 |    26 |    77 ||   131
Block: Tower shield      |    29 |    26 |       ||    55
       Kite shield       |       |    30 |    84 ||   114
